 Dungeon Crawl Stone Soup version 0.22-a0-587-g7d32d7c (webtiles) character file.

723 Ekaitz the Chiller (level 7, 0/52 HPs)
             Began as a Barachi Ice Elementalist on July 4, 2018.
             Was a Follower of Vehumet.
             Slain by a sky beast (3 damage)
             ... on level 6 of the Dungeon.
             The game lasted 00:16:32 (4167 turns).

Ekaitz the Chiller (Barachi Ice Elementalist)       Turns: 4167, Time: 00:16:32

Health: 0/52       AC:  3    Str: 11    XL:     7   Next: 71%
Magic:  1/13       EV: 14    Int: 21    God:    Vehumet [*.....]
Gold:   181        SH:  0    Dex: 12    Spells: 4/14 levels left

rFire    . . .     SeeInvis .   j - +0 falchion
rCold    . . .     Gourm    .   (no shield)
rNeg     . . .     Faith    .   a - +0 robe
rPois    .         Spirit   .   (no helmet)
rElec    .         Reflect  .   (no cloak)
rCorr    .         Harm     .   (no gloves)
MR       .....                  q - +0 pair of boots
Stlth    ++........             (no amulet)
HPRegen  0.17/turn              (no ring)
MPRegen  0.13/turn              (no ring)

@: brilliant, can't hop, slow
A: +LOS, swims, slowness 1, strong legs 1
a: Hop, Renounce Religion


You were on level 6 of the Dungeon.
You worshipped Vehumet.
Vehumet was aware of your devotion.
You were hungry.

You visited 2 branches of the dungeon, and saw 7 of its levels.

You collected 181 gold pieces.

Inventory:

Hand Weapons
 b - a +0 dagger
 j - a +0 falchion (weapon)
 r - a +0 trident
 u - a cursed +0 mace
 y - a +0 blowgun
Missiles
 p - 4 poisoned needles
Armour
 a - a +0 robe (worn)
 q - a +0 pair of boots (worn)
Wands
 s - a wand of digging (12)
Scrolls
 d - a scroll of magic mapping {unknown}
 e - 3 scrolls of fear
 l - 2 scrolls of amnesia {unknown}
 m - 3 scrolls of identify {unknown}
 n - 2 scrolls of enchant weapon {unknown}
 t - 3 scrolls of teleportation {unknown}
 v - 3 scrolls of fog {unknown}
 x - a scroll of immolation {unknown}
Potions
 f - a potion of brilliance
 g - a potion of curing
 h - 3 potions of haste
 i - a potion of degeneration {unknown}
 k - a potion of might {unknown}
 o - a potion of invisibility {unknown}
 w - a potion of lignification {unknown}
Comestibles
 c - 15 rations


   Skills:
 * Level 3.0 Fighting
 + Level 0.3(1.6) Short Blades
 * Level 2.9 Long Blades
 * Level 4.5 Dodging
 + Level 2.5 Stealth
 + Level 4.2 Spellcasting
 * Level 3.8 Conjurations
 + Level 0.2 Charms
 + Level 5.1 Ice Magic


You had 4 spell levels left.
You knew the following spells:

 Your Spells              Type           Power        Failure   Level  Hunger
a - Freeze                Ice            ####         1%          1    None
b - Throw Frost           Conj/Ice       #####.       1%          2    #......
c - Ozocubu's Armour      Chrm/Ice       ####....     1%          3    ###....
d - Throw Icicle          Conj/Ice       #####...     2%          4    ####...

Your spell library contained the following spells:

 Spells                   Type           Power        Failure   Level  Hunger
 Summon Ice Beast         Ice/Summ       ####....     4%          4    ####...


Dungeon Overview and Level Annotations

Branches:
Dungeon (5/15)             Temple (1/1) D:4

Altars:
Ashenzari
Gozag
Kikubaaqudgha
Nemelex Xobeh
Qazlal
Sif Muna
Trog
Vehumet
Wu Jian
Xom
Yredelemnul
Zin

Shops:
D:5 [

Annotations:
D:2 Sigmund
D:3 1 exclusion


Innate Abilities, Weirdness & Mutations

Shadows flee at your approach. (+LOS)
You can swim through water.
You cover ground slowly.
You can hop short distances.


Message History

The sky beast is heavily wounded.
You barely miss the sky beast.
The sky beast is heavily wounded.
Your icy armour evaporates.
The sky beast closely misses you.
You barely miss the sky beast.
The sky beast is heavily wounded.
The sky beast flickers out of sight!
Deactivating autopickup; reactivate with Ctrl-A.
Something hits you.
* * * LOW HITPOINT WARNING * * *
Something shocks you.
* * * LOW HITPOINT WARNING * * *
Unknown command.
As you read the scroll labeled PEOFOGI ZEYSE, it crumbles to dust.
You assume a fearsome visage.
The ice beast looks frightened!
The orc looks frightened! x2
The leopard gecko skeleton is unaffected.
It was a scroll of fear.
Something hits you.
You die...

### #.. ### ###.# #
#... )....
#.#.#####a#########
#>......oY)Zo{@...#
#.......#######.#
###....## +..?...a.
#$...##### ######


You could see an ice beast (fleeing), a worker ant, 2 orcs and a leopard gecko
skeleton.

Vanquished Creatures
  A water moccasin (D:5)
  A scorpion (D:5)
  2 howler monkeys (D:4)
  3 orc wizards
  3 orc priests
  An iguana (D:4)
  4 worker ants
  A worker ant zombie (D:5)
  7 adders
  A worm (D:3)
  3 dart slugs
  4 leopard geckos
  20 orcs
  7 bats
  5 giant cockroaches
  8 goblins
  9 hobgoblins
  4 jackals (D:5)
  2 quokkas
  A ball python (D:1)
  4 frilled lizards
  9 kobolds
  9 rats
109 creatures vanquished.

Notes
Turn   | Place    | Note
-------+----------+-------------------------------------------
     0 | D:1      | Ekaitz the Barachi Ice Elementalist began the quest for the Orb.
     0 | D:1      | Reached XP level 1. HP: 13/13 MP: 3/3
   246 | D:1      | Reached XP level 2. HP: 19/19 MP: 5/5
   255 | D:1      | Learned a level 2 spell: Throw Frost
   524 | D:1      | Reached skill level 4 in Ice Magic
   736 | D:1      | Reached XP level 3. HP: 23/25 MP: 3/6
   741 | D:1      | Learned a level 3 spell: Ozocubu's Armour
   864 | D:1      | Reached skill level 1 in Fighting
  1249 | D:2      | Reached XP level 4. HP: 32/32 MP: 4/8
  1418 | D:2      | Noticed Sigmund
  1745 | D:3      | Reached skill level 1 in Long Blades
  2291 | D:3      | Reached XP level 5. HP: 29/37 MP: 1/9
  2439 | D:4      | Found a staircase to the Ecumenical Temple.
  2457 | Temple   | Entered the Ecumenical Temple
  2483 | Temple   | Became a worshipper of Vehumet
  2549 | D:4      | Reached XP level 6. HP: 26/44 MP: 0/10
  2842 | D:4      | Found a deep blue altar of Sif Muna.
  2857 | D:4      | Learned a level 4 spell: Throw Icicle
  2899 | D:4      | Found an ornate altar of the Wu Jian Council.
  2998 | D:4      | Found a glowing silver altar of Zin.
  3171 | D:4      | Reached * piety under Vehumet
  3171 | D:4      | Offered knowledge of Sandblast by Vehumet.
  3406 | D:5      | Entered Level 5 of the Dungeon
  3417 | D:5      | Reached XP level 7. HP: 44/51 MP: 9/12
  3423 | D:5      | Found Fuexteal's Antique Armour Shop.
  3812 | D:5      | Found a stormy altar of Qazlal.
  4121 | D:5      | You fall through a shaft!
  4141 | D:6      | Reached skill level 5 in Ice Magic
  4167 | D:6      | Slain by a sky beast

Vault maps used:
D:1:      roderic_octagonal_star, st_stairs_4
D:2:      hangedman_decor_clover_reticule, uniq_sigmund
D:4:      chequers_temple_overflow_statue_of_worship, kennysheep_little_box,
          minmay_temple_entry_junction_2, first_ration
D:5:      serial_shops, nicolae_shop_crystal, corexii_shack,
          nicolae_qazlal_eye_of_the_storm
D:6:      minitemple
Temple:   jpeg_temple_island

Skill      XL: |  1  2  3  4  5  6  7 |
---------------+----------------------+-----
Ice Magic      | 4 5 |  5.1
Fighting       | 1 2 3 |  3.0
Dodging        | 3 4 |  4.5
Conjurations   | 2 3 |  3.8
Long Blades    | 1 2 |  2.9
Spellcasting   | 3 4 |  4.2
Stealth        | 2 |  2.5
Short Blades   | |  0.3
Charms         | |  0.2

Action                   |  1- 3 |  4- 6 |  7- 9 || total
-------------------------+-------+-------+-------++-------
Melee: Dagger            |    52 |    46 |     6 ||   104
       Falchion          |       |    56 |    51 ||   107
 Cast: Freeze            |    29 |    67 |    26 ||   122
       Throw Frost       |     9 |    25 |     7 ||    41
       Ozocubu's Armour  |     2 |     4 |     3 ||     9
 Abil: Hop               |     1 |     1 |     2 ||     4
  Use: Potion            |       |       |     4 ||     4
       Scroll            |       |       |     1 ||     1
 Stab: Sleeping          |     2 |     2 |       ||     4
  Eat: Chunk             |     3 |    10 |     2 ||    15
Armor: Robe              |    22 |    39 |    13 ||    74
Dodge: Dodged            |    46 |   114 |    52 ||   212
       Rpst.: Falchion   |       |    17 |    15 ||    32

Table legend:
 A = Spawn XP
 B = Non-spawn XP
 C = Spawn XP percentage of total XP
 D = Spawn monster count
 E = Non-spawn monster count
 F = Spawn count percentage of total count
 G = Total turns spent on level
                    A         B        C        D         E        F      G
               +---------+---------+-------+---------+---------+-------+---------
         Total |       0 |    1033 |   0.0 |       0 |     109 |   0.0 |  4167
               +---------+---------+-------+---------+---------+-------+---------
           D:1 |       0 |      48 |   0.0 |       0 |      27 |   0.0 |  1010
           D:2 |       0 |      43 |   0.0 |       0 |      16 |   0.0 |   691
           D:3 |       0 |     114 |   0.0 |       0 |      24 |   0.0 |   708
           D:4 |       0 |     394 |   0.0 |       0 |      22 |   0.0 |   961
           D:5 |       0 |     304 |   0.0 |       0 |      12 |   0.0 |   715
           D:6 |       0 |     127 |   0.0 |       0 |       7 |   0.0 |    46
        Temple |       0 |       3 |   0.0 |       0 |       1 |   0.0 |    36
               +---------+---------+-------+---------+---------+-------+---------
